 Dungeon Sprint DCSS version 0.30-a0-34-gbe8da3892a (webtiles) character file.

Game seed: 3287796519971309322

26 mhtbhm the Covert (level 2, -1/15 HPs)
             Began as a Spriggan Brigand on Aug 27, 2022.
             Drowned by a water elemental (3 damage)
             ... in the Dungeon (Sprint III: "The Ten Rune Challenge").
             The game lasted 00:00:58 (393 turns).

mhtbhm the Covert (Spriggan Brigand)                 Turns: 393, Time: 00:00:58

Health: -1/15      AC:  3    Str:  7    XL:     2   Next: 89%
Magic:  3/3        EV: 16    Int: 12    God:
Gold:   24         SH:  0    Dex: 16    Spells: 1/1 levels left

rFire   . . .      SeeInvis +    a - +2 dagger
rCold   . . .      Faith    .    (no shield)
rNeg    . . .      Spirit   .    b - +0 robe
rPois   +          Reflect  .    (helmet restricted)
rElec   .          Harm     .    c - +0 cloak
rCorr   .          Rampage  .    (gloves unavailable)
Will    .....      NoTele   +    (boots unavailable)
Stlth   ++++......               (no amulet)
HPRegen 0.05/turn                (no ring)
MPRegen 0.08/turn                (no ring)

@: engulfed (cannot breathe), hasted, very quick
A: very small, no large weapons, unfitting armour, see invisible, speed 3, sense
surroundings 1, poison resistance
a: no special abilities


You were in the Dungeon.
You visited 1 branch You collected 24 gold pieces.

Inventory:

Hand Weapons
 a - a +2 dagger (weapon)
Missiles
 d - 9 poisoned darts (quivered)
 e - 3 curare-tipped darts
Armour
 b - a +0 robe (worn)
 c - a +0 cloak (worn)
Scrolls
 k - a scroll of blinking
 m - a scroll of poison {unknown}
 n - 2 scrolls of identify {unknown}
 p - a scroll of torment {unknown}
Potions
 f - a potion of curing
 i - 2 potions of magic
 j - 2 potions of mutation
 l - a potion of ambrosia {unknown}
 o - 4 potions of flight


   Skills:
 + Level 2.0 Fighting
 + Level 3.0 Short Blades
 + Level 2.6 Throwing
 + Level 1.4 Dodging
 + Level 9.7 Stealth


You had one spell level left.
You didn't know any spells.
Your spell library was empty.

Dungeon Overview and Level Annotations

Branches:
Dungeon (1/1)

Altars:


Innate Abilities, Weirdness & Mutations

You are very small and have problems with some larger weapons.
You are too small for most types of armour.
You have supernaturally acute eyesight. (SInv)
You cover ground extremely quickly. (Speed+++)
You passively map a small area around you.
Your system is resistant to poisons. (rPois)


Message History

There is an open door here.
Really quaff the potion of mutation?
You feel extremely strange.
You feel slightly disoriented.
You feel a little more calm.
You feel a strange attunement to the structure of the dungeons.
You feel resistant to poisons.
You enter the shallow water.
Moving in this stuff is going to be slow.
As you open the door, it creaks loudly!
A water elemental comes into view.
The water elemental hits you!
Ouch! That really hurt!
* * * LOW HITPOINT WARNING * * *
The water elemental engulfs you in water!
There is an open door to the Ecumenical Temple here.
Unknown command.
You slip free of the water engulfing you.
You gasp with relief as air once again reaches your lungs.
You feel much better.
Okay, then.
Okay, then.
You aren't carrying any items that you can evoke.
Unknown command.
You feel yourself speed up.
You hit the water elemental.
The water elemental is lightly damaged.
You hit the water elemental but do no damage.
The water elemental is lightly damaged.
The water elemental misses you. The water elemental hits you!
Ouch! That really hurt!
* * * LOW HITPOINT WARNING * * *
The water elemental engulfs you in water!
You hit the water elemental.
The water elemental is moderately damaged.
* * * LOW HITPOINT WARNING * * *
Your lungs strain for air!
You hit the water elemental.
The water elemental is moderately damaged.
You die...

▓..#..#....♣.♣ ♣.#
▓#'####....♣♣ ♣.# ,
▓...†.#....~♣♣♣♣♣.###+#+##
▓.....#...~~......#.......
▓.....#..~~~~♣♣♣..'.⌠.....
▓####'#..~≈≈~~~♣♣.#...####
▓.....#.~~≈~~~....#.⌠.# ,
, ▓.†...#.~≈~~~..E..#...#
, ▓.....#.~~~...@...#+###
▓'#####....†......#,,, *
▓.................# _ ,
▓▓▓▓▓▓▓▓▓▓▓▓▓▓▓▓▓▓▓ * * *
* , ~ * ~ , + ~ * ~ *


You could see a water elemental.

Vanquished Creatures
  A human (D)
  A phantom (D)
  An endoplasm (D)
  3 rats (D)
6 creatures vanquished.

Notes
Turn   | Place    | Note
-------+----------+-------------------------------------------
     0 | D        | mhtbhm the Spriggan Brigand began the quest for the Orb.
     0 | D        | Reached XP level 1. HP: 10/10 MP: 2/2
     5 | D        | Reached skill level 6 in Stealth
    15 | D        | Reached skill level 7 in Stealth
    41 | D        | Reached skill level 8 in Stealth
    41 | D        | Reached XP level 2. HP: 15/15 MP: 3/3
   210 | D        | Reached skill level 9 in Stealth
   348 | D        | Gained mutation: You sometimes lose your temper in combat.
                  | [potion of mutation]
   348 | D        | Gained mutation: You passively map a small area around you.
                  | [potion of mutation]
   354 | D        | Lost mutation: You passively map a small area around you.
                  | [potion of mutation]
   354 | D        | Lost mutation: You sometimes lose your temper in combat.
                  | [potion of mutation]
   354 | D        | Gained mutation: You passively map a small area around you.
                  | [potion of mutation]
   354 | D        | Gained mutation: Your system is resistant to poisons.
                  | (rPois) [potion of mutation]
   381 | D        | Noticed a water elemental
   393 | D        | Drowned by a water elemental

Illustrated notes

Levels and vault maps discovered:
D:        dungeon_sprint_mu [sprint_mu_entry_forest, sprint_mu_temple_rooms,
          sprint_mu_d1_spiders, sprint_mu_d2_genie, sprint_mu_d3_branching,
          sprint_mu_orc_legion, sprint_mu_elf_gauntlet, sprint_mu_hive_nellie,
          sprint_mu_lair_fedhas, sprint_mu_vaults_butterflies,
          sprint_mu_slime_circle, sprint_mu_shoals_archi,
          sprint_mu_snake_twists, sprint_mu_blade_basic,
          sprint_mu_crypt_chambers, sprint_mu_tomb_spiral,
          sprint_mu_vestibule_basic, sprint_mu_gehenna_hellfire,
          sprint_mu_dis_giant, sprint_mu_tartarus_statrot,
          sprint_mu_cocytus_islands, sprint_mu_zot1]

Skill      XL: |  1  2 |
---------------+-------+-----
Stealth        | 8 9 |  9.7
Fighting       | 2 |  2.0
Short Blades   | 3 |  3.0
Throwing       | |  2.6
Dodging        | |  1.4

Action                   || total
-------------------------++-------
Melee: Dagger            ||    17
Throw: Dart              ||     7
  Use: Potion            ||     5
 Stab: Sleeping          ||     3
Dodge: Dodged            ||     6

Table legend: (Time is in decaauts)
 A = Elapsed time spent in this place.
 B = Non-inter-level travel time spent in this place.
 C = Inter-level travel time spent in this place.
 D = Time resting spent in this place.
 E = Time spent auto-exploring this place.
 F = Levels seen in this place.
 G = Mean time per level.
                   A        B        C        D        E       F      G
               +--------+--------+--------+--------+--------+-----+--------+
         Total |    364 |    364 |      0 |    263 |     10 |   1 |  364.0 |
       Dungeon |    364 |    364 |      0 |    263 |     10 |   1 |  364.0 |
               +--------+--------+--------+--------+--------+-----+--------+

Top non-repeatable levels by time:
       D: 364 daAuts
